 Dungeon Crawl Stone Soup version 0.22-a0-223-g0f5d773 (webtiles) character file.

138 vishdafish the Slasher (level 5, 31/41 HPs)
             Began as a Demonspawn Gladiator on Feb 18, 2018.
             Quit the game on level 3 of the Dungeon.
             The game lasted 00:02:10 (2121 turns).

vishdafish the Slasher (Demonspawn Gladiator)       Turns: 2121, Time: 00:02:11

Health: 31/41      AC:  6    Str: 15    XL:     5   Next: 1%
Magic:  5/5        EV: 13    Int:  9    God:
Gold:   146        SH:  0    Dex: 15    Spells: 4/4 levels left

rFire    + . .     SeeInvis .   a - +0 long sword
rCold    . . .     Gourm    .   (no shield)
rNeg     . . .     Faith    .   b - +0 leather armour
rPois    .         Spirit   .   s - +0 helmet
rElec    .         Reflect  .   (no cloak)
rCorr    .         Harm     .   (no gloves)
MR       .....                  (no boots)
Stlth    +.........             j - amulet of rage
HPRegen  0.13/turn              k - ring of protection from cold
MPRegen  0.09/turn              v - ring of fire

@: no status effects
A: talons 2, slimy green scales 1
a: Evoke Berserk Rage


You were on level 3 of the Dungeon.
You were not hungry.

You visited 1 branch of the dungeon, and saw 3 of its levels.

You collected 146 gold pieces.

Inventory:

Hand Weapons
 a - a +0 long sword (weapon)
Missiles
 d - 3 throwing nets (quivered)
Armour
 b - a +0 leather armour (worn)
 c - a +0 helmet
 s - a +0 helmet (worn)
Jewellery
 j - an amulet of rage (around neck)
 k - a ring of protection from cold (left hand)
 v - a ring of fire (right hand)
Wands
 q - a wand of iceblast (10)
Scrolls
 h - 4 scrolls of teleportation {unknown}
 i - 3 scrolls of amnesia {unknown}
 l - a scroll of magic mapping {unknown}
 n - 3 scrolls of identify {unknown}
 o - a scroll of fear {unknown}
 t - a scroll of remove curse {unknown}
Potions
 e - a potion of degeneration {unknown}
 g - 2 potions of curing {unknown}
 m - a potion of agility {unknown}
 p - a potion of berserk rage {unknown}
 r - 2 potions of lignification {unknown}
 u - a potion of might {unknown}
 w - a potion of haste {unknown}
Comestibles
 f - 6 rations
 x - 3 chunks of flesh


   Skills:
 + Level 3.0 Fighting
 * Level 4.0 Long Blades
 - Level 2.0 Throwing
 + Level 3.5 Dodging


You had 4 spell levels left.
You didn't know any spells.

Dungeon Overview and Level Annotations

Branches:
Dungeon (3/15)

Altars:
Cheibriados
Vehumet


Innate Abilities, Weirdness & Mutations

You have razor-sharp toenails.
You are partially covered in slimy green scales. (AC +2)


Message History

No target in view!
No target in view!
No target in view!
An orc comes into view. It is wielding an enchanted flail.
Found a scroll labeled WIDOWKEARI.
An orc is nearby!
The orc shouts!
The orc hits you with an enchanted flail.
You closely miss the orc. The orc barely misses you.
You riposte.
You barely miss the orc. Your kick misses the orc. You closely miss the orc.
The orc barely misses you.
You riposte.
You slash the orc!
You kill the orc!
You have reached level 5!
Are you sure you want to abandon this character and quit the game? (Confirm with "yes".)
Okay, then.
Unknown command.
Unknown command.
Unknown command.
Are you sure you want to abandon this character and quit the game? (Confirm with "yes".)

###.### #.# .....#
#.# .....
#.#.###############
#.#...............#
#.#..############.#
.##?##.#..# #.#
..........#######
#.#
.......%..@)....#
###.###
.........######.#
#.....# #.....####
# ####.....##
#.....
#.#..........
..#.##
#.#.##....>## # #.
#....#.....# #
#....##.####
###.........#
#.........#†###


There were no monsters in sight!

Vanquished Creatures
  Natasha (twice) (D:3)
  Robin (D:2)
  2 adders
  2 worms
  2 dart slugs
  2 leopard geckos
  2 orcs (D:3)
  A ball python (D:3)
  5 bats
  3 giant cockroaches
  10 goblins
  10 hobgoblins
  7 jackals
  2 quokkas (D:3)
  A frilled lizard (D:1)
  5 kobolds
  4 rats
61 creatures vanquished.

Notes
Turn   | Place    | Note
-------+----------+-------------------------------------------
     0 | D:1      | vishdafish the Demonspawn Gladiator began the quest for the Orb.
     0 | D:1      | Reached XP level 1. HP: 16/16 MP: 1/1
   212 | D:1      | Gained mutation: You have sharp toenails. [demonic ancestry]
   212 | D:1      | Reached XP level 2. HP: 21/22 MP: 2/2
   658 | D:2      | Found a snail-covered altar of Cheibriados.
   780 | D:2      | Reached skill level 3 in Long Blades
   923 | D:2      | Gained mutation: You are partially covered in slimy green scales. (AC +2) [demonic ancestry]
   923 | D:2      | Reached XP level 3. HP: 28/28 MP: 3/3
  1207 | D:2      | Noticed Robin
  1270 | D:2      | Killed Robin
  1270 | D:2      | Gained mutation: You have razor-sharp toenails. [demonic ancestry]
  1270 | D:2      | Reached XP level 4. HP: 22/34 MP: 4/4
  1582 | D:2      | Found a radiant altar of Vehumet.
  1893 | D:3      | Noticed Natasha
  1901 | D:3      | Killed Natasha
  2066 | D:3      | Noticed Natasha
  2073 | D:3      | Killed Natasha
  2113 | D:3      | Reached skill level 4 in Long Blades
  2120 | D:3      | Reached XP level 5. HP: 31/41 MP: 5/5
  2121 | D:3      | Quit the game

Vault maps used:
D:1:      ncdulo_lavacross
D:2:      lemuel_doored_altar, cheibriados_altar_1, uniq_robin
D:3:      uniq_natasha

Skill      XL: |  1  2  3  4 |
---------------+-------------+-----
Dodging        | 3 |  3.5
Throwing       | 2 |  2.0
Long Blades    | 3 4 |  4.0
Fighting       | 3 |  3.0

Action                   |  1- 3 |  4- 6 || total
-------------------------+-------+-------++-------
Melee: Long sword        |    90 |    49 ||   139
       Kick              |    20 |    17 ||    37
 Stab: Sleeping          |     2 |       ||     2
  Eat: Chunk             |       |     4 ||     4
Armor: Leather armour    |    28 |    18 ||    46
Dodge: Dodged            |    84 |    53 ||   137
       Rpst.: Long sword |    24 |    24 ||    48

Table legend:
 A = Spawn XP
 B = Non-spawn XP
 C = Spawn XP percentage of total XP
 D = Spawn monster count
 E = Non-spawn monster count
 F = Spawn count percentage of total count
 G = Total turns spent on level
                    A         B        C        D         E        F      G
               +---------+---------+-------+---------+---------+-------+---------
         Total |       0 |     198 |   0.0 |       0 |      61 |   0.0 |  2121
               +---------+---------+-------+---------+---------+-------+---------
           D:1 |       0 |      19 |   0.0 |       0 |      11 |   0.0 |   639
           D:2 |       0 |      91 |   0.0 |       0 |      32 |   0.0 |  1119
           D:3 |       0 |      88 |   0.0 |       0 |      18 |   0.0 |   363
               +---------+---------+-------+---------+---------+-------+---------
